 Dungeon Crawl Stone Soup version 0.24-a0-769-g368c1644f8 (webtiles) character file.

Game seed: 15836111949303705947, levelgen mode: deterministic

177632 PepperEater the Geomancer (level 18, -37/110 HPs)
             Began as a Gargoyle Earth Elementalist on Oct 3, 2019.
             Was the Champion of Vehumet.
             Blown up by a lich (77 damage)
             ... with an orb of destruction
             ... on level 3 of the Abyss on Oct 4, 2019.
             The game lasted 02:17:03 (34944 turns).

PepperEater the Geomancer (GrEE)                   Turns: 34944, Time: 02:17:04

Health: -37/110    AC: 26    Str: 16      XL:     18   Next: 17%
Magic:  5/41       EV: 15    Int: 22 (24) God:    Vehumet [******]
Gold:   1189       SH:  2    Dex:  8      Spells: 3/38 levels left

rFire    . . .     SeeInvis +   n - +8 great mace of Makhleb's Favour {pain, rN+++ Dex-2 SInv Stlth-}
rCold    + . .     Gourm    .   (shield currently unavailable)
rNeg     + + +     Faith    .   o - +2 robe {rC+}
rPois    ∞         Spirit   .   k - +1 helmet
rElec    +         Reflect  +   I - scarf {cloud immunity}
rCorr    +         Harm     .   c - +2 pair of gloves
MR       +....                  R - +0 pair of boots
Stlth    +.........             A - +2 amulet of reflection
HPRegen  0.28/turn              D - ring of resist corrosion
MPRegen  0.27/turn              Y - ring of the Past {rElec MP+9 Str+4 Slay+3}

@: about to teleport, flying
A: big wings, slimy green scales 1, negative energy resistance 1, sense
surroundings 1, electricity resistance, unbreathing, petrification resistance,
rot immunity, AC +13
a: Stop Flying, Renounce Religion


You were on level 3 of the Abyss.
You worshipped Vehumet.
Vehumet was exalted by your worship.
You were very hungry.

You visited 5 branches of the dungeon, and saw 27 of its levels.
You visited the Abyss 1 time.
You visited 1 bazaar.
You also visited: Sewer and Bailey.

You collected 2528 gold pieces.
You spent 1339 gold pieces at shops.

Inventory:

Hand Weapons
 e - a +0 morningstar
 n - the +8 great mace of Makhleb's Favour (weapon) {pain, rN+++ Dex-2 SInv Stlth-}
   (You found it on level 10 of the Dungeon)

   In the hands of one skilled in necromantic magic, it inflicts extra damage on
   living creatures.
   It affects your dexterity (-2).
   It renders you almost immune to negative energy.
   It lets you see invisible.
   It makes you less stealthy.
 K - a +0 demon whip
Missiles
 b - 326 stones (quivered)
 j - 3 throwing nets
Armour
 c - a +2 pair of gloves (worn)
 k - a +1 helmet (worn)
 o - a +2 robe of cold resistance (worn)
 I - a scarf of cloud immunity (worn)
 R - a +0 pair of boots (worn)
Jewellery
 i - an uncursed ring of protection from fire
 t - an uncursed ring of protection from fire
 A - a +2 amulet of reflection (around neck)
 D - a ring of resist corrosion (left hand)
 G - an uncursed ring of magical power
 Y - the ring of the Past (right hand) {rElec MP+9 Str+4 Slay+3}
   (You found it on level 5 of the Lair of Beasts)

   [ring of magical power]

   It affects your strength (+4).
   It affects your accuracy and damage with ranged weapons and melee attacks
   (+3).
   It insulates you from electricity.
   It affects your magic capacity (+9).
Wands
 a - a wand of digging (5)
 r - a wand of enslavement (8)
 x - a wand of acid (7)
 y - a wand of disintegration (11)
 F - a wand of iceblast (22)
 H - a wand of paralysis (17)
 J - a wand of polymorph (29)
 Q - a wand of scattershot (2)
Scrolls
 h - 3 scrolls of fear
 m - 11 scrolls of identify
 q - 7 scrolls of teleportation
 s - 24 scrolls of remove curse
 v - 7 scrolls of enchant weapon
 z - 5 scrolls of fog
 E - 6 scrolls of amnesia
 M - a scroll of brand weapon
 S - a scroll of magic mapping
 U - 2 scrolls of summoning
 Z - 2 scrolls of blinking
Potions
 f - 14 potions of curing
 g - 4 potions of mutation
 l - 2 potions of ambrosia
 p - 3 potions of magic
 u - 2 potions of agility
 w - 2 potions of might
 L - 3 potions of invisibility
 N - 3 potions of heal wounds
 O - 2 potions of cancellation
 V - 2 potions of lignification
 X - a potion of haste
Miscellaneous
 B - a phial of floods
 W - 2 phantom mirrors
Comestibles
 d - 29 rations


   Skills:
 + Level 11.4 Fighting
 + Level 12.2 Maces & Flails
 - Level 6.0 Armour
 + Level 9.0 Dodging
 - Level 2.1 Stealth
 + Level 10.7 Spellcasting
 + Level 12.1 Conjurations
 - Level 7.0 Necromancy
   Level 0.7 Transmutations
 * Level 12.8 Fire Magic
 + Level 13.7 Earth Magic
 - Level 6.0 Evocations


You had 3 spell levels left.
You knew the following spells:

 Your Spells              Type           Power        Failure   Level  Hunger
a - Sandblast             Erth           ######       0%          1    None
b - Stone Arrow           Conj/Erth      ######       1%          3    None
c - Lee's Rapid Deconstr  Erth           ######....   1%          5    ####...
d - Iron Shot             Conj/Erth      ######....   1%          6    ######.
e - Mephitic Cloud        Conj/Pois/Air  ####....     1%          3    None
f - Bolt of Fire          Conj/Fire      ######....   1%          6    ######.
g - Bolt of Draining      Conj/Necr      ######....   1%          5    ####...
h - Fireball              Conj/Fire      ######....   1%          5    ####...
i - Animate Skeleton      Necr           N/A          1%          1    None

Your spell library contained the following spells:

 Spells                   Type           Power        Failure   Level  Hunger
 Freezing Cloud           Conj/Ice/Air   ####......   38%         6    ######.
 Magic Dart               Conj           ####         1%          1    None
 Shock                    Conj/Air       ####         1%          1    None
 Passwall                 Tmut/Erth      #####...     1%          2    None
 Conjure Flame            Conj/Fire      ######..     1%          3    None
 Static Discharge         Conj/Air       #####...     1%          3    None
 Apportation              Tloc           ##....       5%          1    None
 Confusing Touch          Hex            ##....       5%          1    None
 Summon Small Mammal      Summ           ##..         5%          1    None
 Blink                    Tloc           N/A          9%          2    None
 Call Imp                 Summ           ##......     9%          2    None
 Slow                     Hex            ##......     9%          2    None
 Swiftness                Chrm/Air       ##......     9%          2    None
 Call Canine Familiar     Summ           ##......     17%         3    None
 Summon Guardian Golem    Hex/Summ       ##......     17%         3    None
 Petrify                  Tmut/Erth      #####...     3%          4    #......
 Lightning Bolt           Conj/Air       #####.....   3%          5    ####...
 Airstrike                Air            ##........   16%         4    #......
 Summon Ice Beast         Ice/Summ       ##......     50%         4    #......
 Summon Lightning Spire   Summ/Air       ##......     50%         4    #......


Dungeon Overview and Level Annotations

Branches:
Dungeon (15/15)            Temple (1/1) D:5            Lair (6/6) D:11
  Swamp (0/4) Lair:3       Spider (0/4) Lair:4        Slime (0/5) Lair:5
    Orc (2/2) D:9             Elf (3/3) Orc:2        Vaults (0/5) D:14
 Depths (0/5) D:15          Sewer (visited)          Bailey (visited)

Altars:
Ashenzari
Cheibriados
Dithmenos
Elyvilon
Fedhas
Gozag
Hepliaklqana
Nemelex Xobeh
Okawaru
Qazlal
Trog
Vehumet
Yredelemnul
Zin

Shops:
D:15 *   Orc:2 %[[[   Elf:1 **   Elf:2 *   Elf:3 }=}

Annotations:
D:8 2 transporters, Sassnad's ghost, novice FoFi
Elf:2 3 runed translucent doors


Innate Abilities, Weirdness & Mutations

You are resistant to torment.
Your stone body is resilient. (AC +13)
You are immune to poison.
Your large and strong wings let you fly indefinitely.
You resist negative energy. (rN+)
You are resistant to electric shocks. (rElec)
You can survive without breathing.
You are immune to petrification.
You are immune to rotting.
You are partially covered in slimy green scales. (AC +2)
You passively map a small area around you.


Message History

Aiming: Bolt of Fire (safe; 1% risk of failure)
Press: ? - help, Shift-Dir - straight line, f/p - rakshasa
Aim: a rakshasa, wielding a +0 trident and wearing a +0 robe (almost dead)
The bolt of fire hits the rakshasa!!
You kill the rakshasa!
Vehumet accepts your kill.
You feel your power returning.
You are feeling very hungry.
The lich launches a ball of destructive magic.
An orb of destruction comes into view.
You feel better.
The lich gestures at you while chanting.
The bolt of lightning hits you! You resist.
* * * LOW HITPOINT WARNING * * *
You feel better.
The lich gestures wildly while chanting.
The lich seems to speed up.
You feel better. The orb of destruction hits you!!!!
Ouch! That really hurt!
You die...

#..#
#°L#
.°.#
#○.#
####°.#
#....○#
#.†.☼#
#@# ###


You could see a lich.

Vanquished Creatures
  2 deep elf blademasters (Elf:3)
  Frances (D:13)
  Kirke (D:13)
  A deep elf sorcerer (Elf:3)
  An orc warlord (Orc:2)
  4 deep elf elementalists
  A stone giant (Orc:1)
  The ghost of MalarOregon the Fighter, a journeyman DrFi of Fedhas (Lair:5)
  2 deep elf demonologists
  Azrael (D:13)
  2 deep elf annihilators (Elf:3)
  4 deep elf death magi (Elf:3)
  Snorg (D:11)
  A fire dragon (D:15)
  Josephine (D:11)
  2 deep elf high priests (Elf:3)
  A vault guard (D:14)
  An ice dragon (D:15)
  7 hydras
  The ghost of flestrin the Thaumaturge, a journeyman GnWz of Ashenzari (Lair:2)
  2 centaur warriors
  2 catoblepae
  A rakshasa (Abyss:3)
  A death knight (D:11)
  20 two-headed ogres
  A deep troll shaman (Lair:6)
  4 ogre magi (Orc:2)
  10 dancing weapons
  9 death yaks
  2 thrashing horrors (Abyss:3)
  6 slime creatures
  Nergalle (Orc:1)
  13 deep elf knights
  A sixfirhy (Abyss:3)
  An unseen horror (shapeshifter) (D:14)
  7 deep elf archers
  A fire crab (shapeshifter) (D:14)
  2 unseen horrors
  2 lindwurms (Lair:6)
  33 deep elf magi
  4 orc knights
  A necromancer (D:10)
  3 manticores
  3 orc sorcerers
  A salamander (shapeshifter) (D:14)
  13 ugly things
  2 worldbinders (Abyss:3)
  A moth of wrath (Lair:5)
  A cyclops (D:12)
  3 oklob plants (Lair:2)
  8 black mambas
  3 elephants (Lair:6)
  A smoke demon (Abyss:3)
  A gargoyle (D:13)
  A torpor snail (Lair:4)
  Psyche (D:11)
  10 spiny frogs
  3 kobold demonologists
  4 rime drakes
  An efreet (D:14)
  5 freezing wraiths
  5 trolls
  4 komodo dragons
  2 jumping spiders (Lair:4)
  A troll (shapeshifter) (D:13)
  4 polar bears (Lair:3)
  2 hornets (Lair:2)
  2 raiju (Abyss:3)
  9 blink frogs
  10 hippogriffs
  Sigmund (D:4)
  3 shadows
  2 air elementals
  A redback (Lair:4)
  3 spriggans (Lair:2)
  4 wraiths
  5 fire elementals
  A water elemental (Elf:1)
  A vampire (D:14)
  4 wyverns
  A large abomination (Abyss:3)
  66 yaks
  A basilisk (Lair:3)
  2 hogs (D:13)
  3 vampire mosquitoes (D:15)
  3 hungry ghosts
  A warg (Orc:1)
  3 small abominations (Abyss:3)
  Edmund (D:4)
  2 swamp worms (Lair:3)
  An acid dragon (D:15)
  7 water moccasins
  6 porcupines
  3 hell hounds (D:13)
  2 sky beasts (D:15)
  4 ice beasts
  32 orc warriors
  7 black bears
  A phantom (D:7)
  37 ogres
  13 centaurs
  22 wolves
  13 crocodiles
  5 big kobolds
  14 bullfrogs
  2 gnoll sergeants
  2 earth elementals
  A wyvern skeleton (D:13)
  8 scorpions
  9 killer bees
  7 wights (D:7)
  3 howler monkeys
  2 electric eels
  4 bullfrog zombies
  3 crimson imps
  5 centaur zombies
  8 quasits
  12 hounds
  5 jellies
  21 orc priests
  2 bullfrog skeletons
  4 centaur skeletons
  22 orc wizards
  4 iguanas
  13 worker ants
  5 yak simulacra (D:10)
  A wolf simulacrum (D:10)
  3 polar bear simulacra (D:10)
  A hound skeleton (D:10)
  A howler monkey zombie (D:6)
  Robin (D:4)
  13 gnolls
  A river rat (D:11)
  18 adders
  2 shadow imps
  12 oozes (Sewer)
  3 adder skeletons
  An adder zombie (D:7)
  2 worms (D:6)
  2 dart slugs
  11 leopard geckos
  108 orcs
  12 ball pythons
  15 giant cockroaches
  16 goblins
  17 hobgoblins
  13 jackals
  19 kobolds
  2 quokkas (D:5)
  12 bats
  15 frilled lizards
  A leopard gecko zombie (D:5)
  A quokka zombie (D:8)
  7 rats
  2 river rat simulacra (D:10)
  A fungus (Lair:2)
  A plant (Lair:2)
995 creatures vanquished.

Vanquished Creatures (others)
  A black mamba (shapeshifter) (D:14)
  A raiju (Abyss:3)
  A human (D:13)
  2 yaks (D:13)
  A bullfrog skeleton (D:13)
  An orc wizard (Orc:2)
  6 fungi
  5 plants (Lair:2)
18 creatures vanquished.

Grand Total: 1013 creatures vanquished

Notes
Turn   | Place    | Note
-------+----------+-------------------------------------------
     0 | D:1      | PepperEater the Gargoyle Earth Elementalist began the quest
                  | for the Orb.
     0 | D:1      | Reached XP level 1. HP: 10/10 MP: 3/3
   112 | D:1      | Reached XP level 2. HP: 9/15 MP: 0/5
   136 | D:1      | Reached skill level 4 in Earth Magic
   692 | D:1      | Reached XP level 3. HP: 19/19 MP: 1/6
   751 | D:1      | Learned a level 3 spell: Stone Arrow
   984 | D:2      | Gained mutation: You are partially covered in slimy green
                  | scales. (AC +2) [potion of mutation]
   984 | D:2      | Gained mutation: You passively map a small area around you.
                  | [potion of mutation]
  1205 | D:2      | Reached skill level 1 in Conjurations
  1369 | D:2      | Reached XP level 4. HP: 21/24 MP: 8/8
  2284 | D:3      | Found a glowing silver altar of Zin.
  2593 | D:3      | Reached skill level 5 in Earth Magic
  2974 | D:4      | Reached XP level 5. HP: 17/28 MP: 7/10
  3207 | D:4      | Learned a level 5 spell: Lee's Rapid Deconstruction
  3216 | D:4      | Reached XP level 6. HP: 20/32 MP: 9/11
  3269 | D:4      | Noticed Robin
  3293 | D:4      | Killed Robin
  3585 | D:4      | Reached skill level 6 in Earth Magic
  3850 | D:4      | Reached XP level 7. HP: 32/36 MP: 13/13
  4075 | D:4      | Noticed Edmund
  4094 | D:4      | Killed Edmund
  4235 | D:4      | Noticed Sigmund
  4243 | D:4      | Killed Sigmund
  4600 | D:5      | Entered Level 5 of the Dungeon
  4609 | D:5      | Reached skill level 7 in Earth Magic
  4782 | D:5      | Reached skill level 1 in Fighting
  4782 | D:5      | Reached skill level 1 in Maces & Flails
  4782 | D:5      | Reached skill level 1 in Armour
  4782 | D:5      | Reached skill level 5 in Spellcasting
  4782 | D:5      | Reached XP level 8. HP: 43/43 MP: 2/15
  4934 | D:5      | Found a staircase to the Ecumenical Temple.
  4949 | Temple   | Entered the Ecumenical Temple
  4963 | Temple   | Became a worshipper of Vehumet
  4991 | D:5      | Reached skill level 5 in Conjurations
  5497 | D:5      | Found a blossoming altar of Fedhas.
  5497 | D:5      | Found an iron altar of Okawaru.
  5498 | D:5      | Found an opulent altar of Gozag.
  5588 | D:5      | Reached * piety under Vehumet
  5588 | D:5      | Offered knowledge of Sting by Vehumet.
  5855 | D:6      | Found a blossoming altar of Fedhas.
  5892 | D:6      | Found a glowing drain.
  5930 | Sewer    | Entered a sewer
  6520 | Sewer    | Offered knowledge of Flame Tongue by Vehumet.
  6522 | Sewer    | Reached ** piety under Vehumet
  6684 | D:6      | Reached XP level 9. HP: 46/49 MP: 13/17
  7337 | D:7      | Offered knowledge of Static Discharge by Vehumet.
  7363 | D:7      | Reached skill level 8 in Earth Magic
  7367 | D:7      | Reached *** piety under Vehumet
  7856 | D:7      | Reached XP level 10. HP: 46/57 MP: 13/19
  7919 | D:7      | Found a shadowy altar of Dithmenos.
  7919 | D:7      | Found a sparkling altar of Nemelex Xobeh.
  7925 | D:7      | Found a faded altar of an unknown god.
  7927 | D:7      | Offered knowledge of Conjure Flame by Vehumet.
  7929 | D:7      | Found a faded altar of an unknown god.
  7931 | D:7      | Found a white marble altar of Elyvilon.
  8221 | D:8      | Found a transporter.
  8222 | D:8      | Noticed Sassnad's ghost (novice FoFi)
  8256 | D:8      | Found a transporter.
  8538 | D:8      | Reached **** piety under Vehumet
  8610 | D:8      | Offered knowledge of Fireball by Vehumet.
  8620 | D:8      | Learned a level 5 spell: Fireball
  8847 | D:9      | Reached skill level 5 in Armour
  8974 | D:9      | Reached skill level 5 in Fighting
  9042 | D:9      | Reached skill level 1 in Fire Magic
  9042 | D:9      | Reached skill level 9 in Earth Magic
  9159 | D:9      | Found a staircase to the Orcish Mines.
  9309 | D:10     | Entered Level 10 of the Dungeon
  9336 | D:10     | Reached skill level 1 in Evocations
  9727 | D:10     | Reached XP level 11. HP: 64/64 MP: 16/21
  9851 | D:10     | Killed an unseen horror
  9851 | D:10     | Reached skill level 5 in Maces & Flails
 10079 | D:10     | Noticed a two-headed ogre
 10092 | D:10     | Killed a two-headed ogre
 10261 | D:10     | Learned a level 3 spell: Mephitic Cloud
 10270 | D:10     | Got a polished great mace
 10271 | D:10     | Identified the +8 great mace of Makhleb's Favour {pain,
                  | rN+++ Dex-2 SInv Stlth-} (You found it on level 10 of the
                  | Dungeon)
 10439 | D:10     | Noticed a necromancer
 10449 | D:10     | Killed a necromancer
 10469 | D:10     | Learned a level 1 spell: Animate Skeleton
 10525 | D:10     | Reached ***** piety under Vehumet
 10590 | D:11     | Offered knowledge of Bolt of Draining by Vehumet.
 10597 | D:11     | Learned a level 5 spell: Bolt of Draining
 10620 | D:11     | Noticed a death yak
 10650 | D:11     | Noticed a death yak
 10658 | D:11     | Noticed a death yak
 10995 | D:11     | Reached skill level 5 in Dodging
 11231 | D:11     | Reached skill level 1 in Necromancy
 11663 | D:10     | Killed a death yak
 11673 | D:10     | Killed a death yak
 11673 | D:10     | Reached skill level 5 in Fire Magic
 11916 | D:11     | Noticed Josephine
 11921 | D:11     | Killed Josephine
 11921 | D:11     | Reached skill level 10 in Earth Magic
 11921 | D:11     | Reached XP level 12. HP: 57/71 MP: 2/23
 11921 | D:11     | Noticed a death knight
 11926 | D:11     | Noticed Psyche
 12077 | D:11     | Killed a death yak
 12199 | D:11     | Found a staircase to the Lair.
 12224 | D:11     | HP: 2/71 [freezing wraith[a death knight] (4)]
 12246 | D:11     | Killed a death knight
 12805 | D:11     | Killed Psyche
 12894 | D:11     | You fall into a shaft and drop 1 floor!
 13444 | D:11     | Noticed Snorg
 13453 | D:11     | Killed Snorg
 13749 | D:12     | Noticed a seven-headed hydra
 13765 | D:12     | Killed a seven-headed hydra
 14087 | D:12     | You fall into a shaft and drop 3 floors!
 14087 | D:15     | Entered Level 15 of the Dungeon
 14093 | D:15     | Found a shattered altar of Ashenzari.
 14158 | D:14     | Noticed a centaur warrior
 14171 | D:14     | Killed a centaur warrior
 14188 | D:14     | Reached XP level 13. HP: 50/76 MP: 24/24
 14195 | D:14     | Found a flagged portal.
 14207 | Bailey   | Entered a bailey
 15028 | D:13     | Noticed Azrael
 15033 | D:13     | Found a flickering gateway to a bazaar.
 15042 | Bazaar   | Entered a bazaar
 15062 | Bazaar   | Found Yffahakeo's Gadget Emporium.
 15083 | Bazaar   | Found Paytut's Gadget Emporium.
 15128 | Bazaar   | Found Aserit's Distillery.
 15132 | Bazaar   | Bought a potion of heal wounds for 45 gold pieces
 15132 | Bazaar   | Bought a potion of heal wounds for 45 gold pieces
 15132 | Bazaar   | Bought a potion of invisibility for 72 gold pieces
 15132 | Bazaar   | Bought 2 potions of heal wounds for 90 gold pieces
 15157 | Bazaar   | Found Fyqos's Distillery.
 15161 | Bazaar   | Bought a potion of magic for 104 gold pieces
 15161 | Bazaar   | Bought a potion of heal wounds for 65 gold pieces
 15161 | Bazaar   | Bought a potion of heal wounds for 65 gold pieces
 15161 | Bazaar   | Bought a potion of curing for 39 gold pieces
 15189 | Bazaar   | Bought a potion of ambrosia for 72 gold pieces
 15189 | Bazaar   | Bought a potion of invisibility for 72 gold pieces
 15189 | Bazaar   | Bought a potion of curing for 27 gold pieces
 15654 | D:12     | Gained mutation: Your large and strong wings let you fly
                  | indefinitely. [Gargoyle growth]
 15654 | D:12     | Reached XP level 14. HP: 77/82 MP: 26/26
 15984 | D:13     | Noticed Kirke
 16011 | D:13     | Killed Kirke
 16271 | D:13     | Killed Azrael
 16366 | D:13     | Reached skill level 11 in Earth Magic
 16367 | D:13     | Reached skill level 10 in Maces & Flails
 16383 | D:13     | Noticed Frances
 16401 | D:13     | Killed Frances
 16401 | D:13     | Reached skill level 5 in Evocations
 16832 | D:13     | HP: 1/84 [freezing wraith (21)]
 18223 | D:13     | Upgraded the game from 0.24-a0-762-gca426f56c8 to
                  | 0.24-a0-769-g368c1644f8
 18301 | D:13     | Reached ****** piety under Vehumet
 18732 | D:14     | Found a stormy altar of Qazlal.
 18956 | D:14     | Reached XP level 15. HP: 78/89 MP: 6/27
 19093 | D:14     | Found a gate to the Vaults.
 19693 | D:15     | Reached skill level 10 in Conjurations
 19761 | D:15     | Found Riosuyghupt's Serpentskin Sales.
 20113 | D:15     | Found a staircase to the Depths.
 20510 | Lair:1   | Entered Level 1 of the Lair of Beasts
 21310 | Lair:2   | Offered knowledge of Conjure Ball Lightning by Vehumet.
 21450 | Lair:2   | Reached skill level 5 in Necromancy
 21675 | Lair:2   | Found a runed translucent door.
 21676 | Lair:2   | Noticed flestrin's ghost (journeyman GnWz)
 21676 | Lair:2   | Identified the +3 trident "Wiuv" {pierce, rC+ Dex+2 SInv
                  | Stlth+}
 22722 | Lair:3   | Found a staircase to the Swamp.
 23577 | Lair:4   | Found a hole to the Spider Nest.
 23596 | Lair:4   | Reached skill level 12 in Earth Magic
 23787 | Lair:4   | Reached skill level 10 in Fire Magic
 23926 | Lair:4   | Offered knowledge of Iron Shot by Vehumet.
 23948 | Lair:4   | Learned a level 6 spell: Iron Shot
 24504 | Lair:5   | Found a staircase to the Slime Pits.
 24840 | Lair:5   | Reached XP level 16. HP: 94/96 MP: 13/29
 25179 | Lair:5   | Found a transporter.
 25183 | Lair:5   | Noticed MalarOregon's ghost (journeyman DrFi)
 25224 | Lair:5   | Found a transporter.
 25279 | Lair:5   | Killed MalarOregon's ghost
 25391 | Lair:5   | Got a smoking brass ring
 25420 | Lair:5   | Identified the ring of the Past {rElec MP+9 Str+4 Slay+3}
                  | (You found it on level 5 of the Lair of Beasts)
 25622 | Lair:6   | Entered Level 6 of the Lair of Beasts
 26612 | Lair:6   | Offered knowledge of Bolt of Magma by Vehumet.
 27959 | Lair:2   | Killed flestrin's ghost
 28157 | Orc:1    | Entered Level 1 of the Orcish Mines
 28240 | Orc:1    | Noticed Nergalle
 28250 | Orc:1    | Killed Nergalle
 28695 | Orc:1    | Found a bloodstained altar of Trog.
 29040 | Orc:2    | Entered Level 2 of the Orcish Mines
 29040 | Orc:2    | Found a staircase to the Elven Halls.
 29411 | Orc:2    | Reached skill level 10 in Fighting
 29834 | Orc:2    | Offered knowledge of Bolt of Fire by Vehumet.
 30477 | Orc:2    | Reached skill level 10 in Spellcasting
 30487 | Orc:2    | Found Cengugec's Armour Boutique.
 30487 | Orc:2    | Found Etuxtacyi's Armour Emporium.
 30488 | Orc:2    | Found Lyjof's Food Shoppe.
 30488 | Orc:2    | Found Delymar's Armour Boutique.
 30581 | Orc:2    | Learned a level 6 spell: Bolt of Fire
 31047 | Elf:1    | Entered Level 1 of the Elven Halls
 31060 | Elf:1    | Reached XP level 17. HP: 103/103 MP: 17/31
 31484 | Elf:1    | Found Deetzaz's Assorted Antiques.
 31484 | Elf:1    | Found Napat's General Store.
 31492 | Elf:1    | Bought a potion of heal wounds for 200 gold pieces
 31498 | Elf:1    | Bought a potion of magic for 128 gold pieces
 31498 | Elf:1    | Bought a potion of heal wounds for 80 gold pieces
 31498 | Elf:1    | Bought a potion of curing for 48 gold pieces
 31547 | Elf:1    | Reached skill level 13 in Earth Magic
 32066 | Elf:1    | HP: 5/103 [+0 halberd of venom (16)]
 33502 | Elf:2    | Found Xeqoj's General Store.
 33516 | Elf:2    | Bought a scroll of teleportation for 45 gold pieces
 33516 | Elf:2    | Bought a scroll of magic mapping for 52 gold pieces
 33516 | Elf:2    | Bought a scroll of identify for 30 gold pieces
 33516 | Elf:2    | Bought a potion of might for 60 gold pieces
 33560 | Elf:2    | Found a runed translucent gate.
 33561 | Elf:2    | Found a runed translucent gate.
 33562 | Elf:2    | Found a runed translucent gate.
 33693 | Elf:3    | Entered Level 3 of the Elven Halls
 34048 | Elf:3    | Found Qiagh's Gadget Shoppe.
 34048 | Elf:3    | Found Tekyblod's Jewellery Shop.
 34050 | Elf:3    | Found Fyacaj's Gadget Shoppe.
 34077 | Elf:3    | Offered knowledge of Freezing Cloud by Vehumet.
 34567 | Elf:3    | Noticed a deep elf blademaster
 34577 | Elf:3    | Killed a deep elf blademaster
 34578 | Elf:3    | Reached XP level 18. HP: 48/110 MP: 32/32
 34580 | Elf:3    | Noticed a deep elf blademaster
 34583 | Elf:3    | Killed a deep elf blademaster
 34583 | Elf:3    | Noticed a deep elf master archer
 34586 | Elf:3    | Cast into level 3 of the Abyss (a deep elf sorcerer)
 34940 | Abyss:3  | Noticed a lich
 34944 | Abyss:3  | Blown up by a lich

Levels and vault maps discovered:
D:1:      elethiomel_arrival_infinity_welcomes_careful_drivers,
          layout_loops_cross
D:2:      cheibrodos_greedy_goblins, layout_basic
D:3:      layout_loops_corners, marbit_many_paths
D:4:      layout_basic, sigmund_edmund_badplayer, uniq_robin, uniq_sigmund
D:5:      layout_loops_corners, gammafunk_temple_overflow_claw,
          minmay_temple_entry_waves, first_ration
D:6:      layout_loops_ring, cheibrodos_sewer_entry_sluice,
          fedhas_altar_fruit_tree
D:7:      layout_rooms, chequers_temple_overflow_minitemple, grunt_ogre_cave,
          minmay_large_rounded_square
D:8:      layout_loops_ring, gammafunk_ghost_stat_death
D:9:      layout_rooms, orc_0_dummy, kennysheep_generic_room_3
D:10:     layout_roguey, eino_house_with_fridge
D:11:     wad_crossroads, layout_basic, dpeg_lair_monsters, uniq_snorg,
          uniq_josephine, uniq_psyche
D:12:     layout_irregular_city
D:13:     layout_loops_ring, serial_shops, bzr_entry_lakeside, grunt_tough_drop,
          uniq_azrael, uniq_kirke, uniq_frances
D:14:     layout_small_grid, david_vaults_5, enter_bailey_2, grunt_qazlal_clouds
D:15:     grunt_enter_depths_hoard, layout_irregular_city, portal_ice_cave_rime,
          ashenzari_altar_1, guppyfry_shop_venom
Temple:   regret_index_temple_waves
Lair:1:   layout_gridlike
Lair:2:   layout_loops_ring, ebering_ghost_funeral_grove,
          minmay_lair_oklob_chamber, grunt_megastairs_1, serial_bayou_shore_a,
          lemuel_fruit_tree
Lair:3:   layout_regular_city, nicolae_swamp_entry_splash_gauntlet,
          grunt_forest_stairs_basic, cheibrodos_lair_lostbears
Lair:4:   layout_gridlike, spider_nest_entry_a, beast_lair_carwin_7
Lair:5:   layout_long_grid, minmay_slime_entry_pillars,
          gammafunk_ghost_berserking_beasts, grunt_megastairs_3
Lair:6:   grunt_lair_end_beastmaster, layout_cave_pods,
          infiniplex_staircase_pool_2
Orc:1:    layout_diamond_mine, trog_hazing_becter, uniq_nergalle
Orc:2:    st_orc_ogre_mass, layout_caves, minmay_orc_barracks
Elf:1:    eino_elf_arrival_shootout, layout_loops_corners, evilmike_minifort,
          minmay_shoptagon
Elf:2:    layout_onion_city, serial_shops, nicolae_shop_stone
Elf:3:    elf_hall, layout_geoelf_grid, minmay_shop_grove
Abyss:3:  minivault_27, patterned_corridor, grunt_abyss_rune_forest_and_sorcery,
          evilmike_abyss_exit_2, minivault_28, grunt_abyss_rune_wretched_hive,
          evilmike_abyss_exit_plants, guppyfry_abyss_exit_glass_guarded,
          evilmike_nicolae_abyss_rune_betentacled_crabyss,
          serial_sigils_hangedman_quiver, nicolae_abyss_rune_star_stuff,
          hangedman_abyss_lost_library

Skill      XL: |  1  2  3  4  5  6  7  8  9 10 11 12 13 14 15 16 17 18 |
---------------+-------------------------------------------------------+-----
Earth Magic    | 4 5 6 7 8 9 10 11 12 13 | 13.7
Conjurations   | 1 2 3 4 5 6 7 8 9 10 11 12 | 12.1
Spellcasting   | 3 4 5 6 7 8 9 10 | 10.7
Fighting       | 1 2 4 5 6 7 8 9 10 11 | 11.4
Maces & Flails | 1 2 3 4 5 6 9 10 11 12 | 12.2
Armour         | 1 2 4 5 6 |  6.0
Dodging        | 2 3 4 5 6 7 8 9 |  9.0
Fire Magic     | 2 5 7 8 10 11 12 | 12.8
Evocations     | 1 3 4 5 6 |  6.0
Necromancy     | 1 3 4 5 6 7 |  7.0
Stealth        | |  2.1
Transmutations | |  0.7

Action                   |  1- 3 |  4- 6 |  7- 9 | 10-12 | 13-15 | 16-18 || total
-------------------------+-------+-------+-------+-------+-------+-------++-------
Melee: Unarmed           |    35 |       |       |       |    12 |       ||    47
       Club              |    66 |   123 |       |       |       |       ||   189
       Dagger            |       |    49 |   437 |   123 |       |       ||   609
       Great mace        |       |       |       |   167 |   435 |   341 ||   943
Throw: Throwing net      |       |       |       |       |     1 |       ||     1
 Cast: Sandblast         |    22 |    32 |    70 |   216 |   117 |    36 ||   493
       Lee's Rapid Decon |       |       |     8 |    43 |    82 |    73 ||   206
       Stone Arrow       |       |       |     3 |    15 |    55 |       ||    73
       Fireball          |       |       |       |     2 |    31 |    47 ||    80
       Bolt of Draining  |       |       |       |     2 |    25 |    33 ||    60
       Iron Shot         |       |       |       |       |     4 |    78 ||    82
       Bolt of Fire      |       |       |       |       |       |    20 ||    20
 Abil: Fly               |       |       |       |       |     1 |       ||     1
Evoke: Wand              |       |       |       |     5 |    26 |     4 ||    35
  Use: Scroll            |     8 |     4 |     5 |    11 |    11 |    12 ||    51
       Potion            |     1 |     1 |       |     6 |    12 |    15 ||    35
 Stab: Sleeping          |     1 |     4 |     5 |     2 |       |       ||    12
       Invisible         |       |       |       |       |       |     2 ||     2
  Eat: Chunk             |     2 |     8 |    16 |    20 |    42 |    42 ||   130
       Ration            |       |       |       |     4 |     5 |    14 ||    23
Armor: Robe              |    48 |    86 |   239 |   190 |   483 |   345 ||  1391
Dodge: Dodged            |    90 |   138 |   403 |   303 |   677 |   500 ||  2111
Block: Other             |       |       |       |    24 |    63 |    31 ||   118
       Reflection        |       |       |       |     1 |     2 |       ||     3

Table legend:
 A = Non-vault XP
 B = Vault XP
 C = Vault XP percentage of total XP
 D = Non-vault monster count
 E = Vault monster count
 F = Vault count percentage of total count
                 A         B        C        D         E       F
            +---------+---------+-------+---------+---------+-------
      Total |  124758 |  107363 |  46.3 |     659 |     335 |  33.7
            +---------+---------+-------+---------+---------+-------
        D:1 |      38 |       0 |   0.0 |      22 |       0 |   0.0
        D:2 |      50 |      18 |  26.5 |      16 |       9 |  36.0
        D:3 |      42 |       4 |   8.7 |      11 |       1 |   8.3
        D:4 |     485 |     433 |  47.2 |      19 |      13 |  40.6
        D:5 |     649 |       0 |   0.0 |      31 |       0 |   0.0
        D:6 |     832 |      10 |   1.2 |      21 |       3 |  12.5
        D:7 |    2271 |     109 |   4.6 |      38 |       1 |   2.6
        D:8 |     922 |       0 |   0.0 |      23 |       0 |   0.0
        D:9 |    1044 |     167 |  13.8 |      21 |       2 |   8.7
       D:10 |    5224 |    2796 |  34.9 |      51 |      15 |  22.7
       D:11 |    7144 |    4428 |  38.3 |      39 |      12 |  23.5
       D:12 |    4514 |       0 |   0.0 |      34 |       0 |   0.0
       D:13 |    9495 |    8727 |  47.9 |      38 |      15 |  28.3
       D:14 |    8103 |    3514 |  30.2 |      29 |       5 |  14.7
       D:15 |   10226 |    3296 |  24.4 |      38 |       5 |  11.6
     Lair:1 |    2777 |       0 |   0.0 |      12 |       0 |   0.0
     Lair:2 |    4189 |    5831 |  58.2 |      21 |      12 |  36.4
     Lair:3 |    3257 |    1566 |  32.5 |      16 |       7 |  30.4
     Lair:4 |    7217 |    2509 |  25.8 |      22 |       8 |  26.7
     Lair:5 |    4049 |    5848 |  59.1 |      24 |      15 |  38.5
     Lair:6 |    3888 |    8161 |  67.7 |      14 |      17 |  54.8
      Orc:1 |    5224 |    4146 |  44.2 |      35 |      21 |  37.5
      Orc:2 |     946 |   20062 |  95.5 |      17 |      47 |  73.4
      Elf:1 |   14275 |   11207 |  44.0 |      23 |      17 |  42.5
      Elf:2 |    6589 |    1772 |  21.2 |       9 |       2 |  18.2
      Elf:3 |   17572 |   18053 |  50.7 |      25 |      12 |  32.4
    Abyss:3 |    3736 |    2204 |  37.1 |      10 |       3 |  23.1
      Sewer |       0 |     379 | 100.0 |       0 |      53 | 100.0
     Bailey |       0 |    2123 | 100.0 |       0 |      40 | 100.0
            +---------+---------+-------+---------+---------+-------
